 Dungeon Crawl Stone Soup version 0.22-a0-303-g4a852b3 (webtiles) character file.

51 nikopol the Firebug (level 3, 0/19 HPs)
             Began as a Deep Elf Fire Elementalist on Mar 26, 2018.
             Slain by a gnoll
             ... wielding a +0 spear
              (10 damage)
             ... on level 2 of the Dungeon on Mar 27, 2018.
             The game lasted 00:02:53 (916 turns).

nikopol the Firebug (Deep Elf Fire Elementalist)     Turns: 916, Time: 00:02:54

Health: 0/19       AC:  2    Str:  5    XL:     3   Next: 57%
Magic:  8/10       EV: 13    Int: 20    God:
Gold:   50         SH:  0    Dex: 15    Spells: 9/10 levels left

rFire    . . .     SeeInvis .   (no weapon)
rCold    . . .     Gourm    .   (no shield)
rNeg     . . .     Faith    .   a - +0 robe
rPois    .         Spirit   .   (no helmet)
rElec    .         Reflect  .   (no cloak)
rCorr    .         Harm     .   (no gloves)
MR       .....                  (no boots)
Stlth    ++........             (no amulet)
HPRegen  0.06/turn              (no ring)
MPRegen  0.12/turn              (no ring)

@: no status effects
A: no striking features
a: no special abilities


You were on level 2 of the Dungeon.
You were not hungry.

You visited 1 branch of the dungeon, and saw 2 of its levels.

You collected 50 gold pieces.

Inventory:

Armour
 a - a +0 robe (worn)
Scrolls
 e - a scroll of fog {unknown}
 g - a scroll of identify {unknown}
 h - a scroll of magic mapping {unknown}
Potions
 b - a potion of haste {unknown}
 d - a potion of curing {unknown}
Comestibles
 c - 3 rations
 f - 5 chunks of flesh


   Skills:
 + Level 2.6 Dodging
 + Level 2.6 Stealth
 + Level 4.1 Spellcasting
 + Level 1.4 Conjurations
 + Level 4.1 Fire Magic


You had 9 spell levels left.
You knew the following spells:

 Your Spells              Type           Power        Failure   Level  Hunger
a - Flame Tongue          Conj/Fire      ###..        4%          1    None


Dungeon Overview and Level Annotations

Branches:
Dungeon (2/15)

Altars:


Message History

The flame tongue hits the giant cockroach.
You kill the giant cockroach!
The gnoll hits you from afar with a spear.
A rat and a gnoll come into view.
Casting: Flame Tongue (safe; 4% risk of failure)
Confirm with . or Enter, or press ? or * to list all spells.
Aiming: Flame Tongue (safe; 4% risk of failure)
Press: ? - help, Shift-Dir - straight line, f - gnoll
Aim: a gnoll, wielding a spear The flame tongue misses the gnoll.
The gnoll shouts!
The goblin unwields an uncursed club.
The goblin wields a hunting sling.
The goblin shoots a stone.
The stone hits you. The gnoll misses you.
A gnoll comes into view. It is wielding a club.
Casting: Flame Tongue (safe; 4% risk of failure)
Confirm with . or Enter, or press ? or * to list all spells.
You don't know that spell.
The gnoll hits you with a spear!
Ouch! That really hurt!
You die...

#........ .
#.......###.# #
........#.##).
.............
#....#......
#..#.....%..
##..g(.ggrg.. #####
#..g###..g...
#...###.#@# .....
#...##..#.# ....
#...##.##.#### ...
#............. ......
#...#.###..#######.....
#...#.##...............
##....##...............
##.##..................
##..#####...............


You could see 2 gnolls.

Vanquished Creatures
  Jessica (D:2)
  A dart slug (D:1)
  2 leopard geckos (D:1)
  3 bats
  3 giant cockroaches
  2 goblins (D:1)
  4 hobgoblins (D:1)
  A ball python (D:1)
  2 kobolds (D:1)
19 creatures vanquished.

Notes
Turn   | Place    | Note
-------+----------+-------------------------------------------
     0 | D:1      | nikopol the Deep Elf Fire Elementalist began the quest for the Orb.
     0 | D:1      | Reached XP level 1. HP: 10/10 MP: 6/6
   178 | D:1      | Reached XP level 2. HP: 15/15 MP: 6/8
   608 | D:1      | Upgraded the game from 0.22-a0-301-gf0fe05c to 0.22-a0-303-g4a852b3
   822 | D:2      | Noticed Jessica
   829 | D:2      | Killed Jessica
   829 | D:2      | Reached XP level 3. HP: 19/19 MP: 5/10
   854 | D:2      | Found a faded altar of an unknown god.
   916 | D:2      | Slain by a gnoll

Vault maps used:
D:1:      minmay_arrival_five_plusses
D:2:      first_ration, chequers_ecumenical_altar_island, st_stairs_13,
          okawaru_gym_becter, uniq_jessica

Skill      XL: |  1  2 |
---------------+-------+-----
Spellcasting   | 4 |  4.1
Fire Magic     | 4 |  4.1
Dodging        | |  2.6
Stealth        | |  2.6
Conjurations   | |  1.4

Action                   || total
-------------------------++-------
Melee: Unarmed           ||     1
 Cast: Flame Tongue      ||    34
Dodge: Dodged            ||    12

Table legend:
 A = Spawn XP
 B = Non-spawn XP
 C = Spawn XP percentage of total XP
 D = Spawn monster count
 E = Non-spawn monster count
 F = Spawn count percentage of total count
 G = Total turns spent on level
                    A         B        C        D         E        F      G
               +---------+---------+-------+---------+---------+-------+---------
         Total |       0 |      73 |   0.0 |       0 |      19 |   0.0 |   916
               +---------+---------+-------+---------+---------+-------+---------
           D:1 |       0 |      33 |   0.0 |       0 |      16 |   0.0 |   822
           D:2 |       0 |      40 |   0.0 |       0 |       3 |   0.0 |    94
               +---------+---------+-------+---------+---------+-------+---------
